 Dungeon Crawl Stone Soup version 0.29-a0-321-gf1c400731a (webtiles) character file.

Game seed: 15091316397999208798

319 spaghetti the Shooter (level 6, -7/48 HPs)
             Began as a Demigod Hunter on Apr 4, 2022.
             Mangled by a wight
             ... wielding a +5 battleaxe
              (19 damage)
             ... on level 4 of the Dungeon.
             The game lasted 00:04:09 (2962 turns).

spaghetti the Shooter (Demigod Hunter)              Turns: 2962, Time: 00:04:09

Health: -7/48      AC:  3    Str: 12    XL:     6   Next: 0%
Magic:  8/8        EV: 12    Int: 11    God:
Gold:   317        SH:  0    Dex: 25    Spells: 5/5 levels left

rFire   . . .      SeeInvis .   b - +1 shortbow (freeze) {bow}
rCold   . . .      Faith    .   (shield currently unavailable)
rNeg    . . .      Spirit   .   l - +0 leather armour
rPois   .          Reflect  .   (no helmet)
rElec   .          Harm     .   (no cloak)
rCorr   .          Rampage  .   (no gloves)
Will    .....                   (no boots)
Stlth   ++........              (no amulet)
HPRegen 0.16/turn               (no ring)
MPRegen 0.11/turn               (no ring)

@: about to teleport
A: high MP 1, forlorn, divine attributes
a: no special abilities


You were on level 4 of the Dungeon.
You visited 1 branch of the dungeon, and saw 4 of its levels.

You collected 317 gold pieces.


Innate Abilities, Weirdness & Mutations

You have an increased reservoir of magic. (+10% MP)
You shall have no god before yourself.
Your divine heritage dramatically boosts your attributes as you level up.


   Skills:
 - Level 1.7 Fighting
 + Level 6.9 Bows
 - Level 1.7 Dodging
 - Level 0.8 Stealth


You had 5 spell levels left.
You didn't know any spells.
Your spell library was empty.

Inventory:

Hand Weapons
 a - a +2 vampiric dagger {short}
   (You took it off a kobold on level 1 of the Dungeon)
 b - a +1 shortbow of freezing (weapon) {bow}
 t - a +0 flail of protection {mace}
   (You took it off an orc on level 3 of the Dungeon)
Missiles
 f - 19 poisoned darts {throwing}
 i - 2 atropa-tipped darts {throwing}
 j - 109 stones {throwing}
 q - 3 javelins {throwing}
 v - 3 boomerangs {throwing}
Armour
 l - a +0 leather armour (worn)
 r - an orb of guile
   (You found it on level 2 of the Dungeon)
Scrolls
 c - a scroll of immolation {!r!r}
 d - a scroll of holy word {unknown}
 e - a scroll of teleportation {@r4}
 m - 2 scrolls of enchant armour
 o - 2 scrolls of magic mapping {!r}
 p - a scroll of vulnerability {!r!r}
 u - 2 scrolls of noise {!r}
 w - a scroll of brand weapon
 x - 2 scrolls of fear {unknown}
 y - a scroll of amnesia {unknown}
Potions
 g - 6 potions of curing {unknown}
 h - a potion of might {unknown}
 k - 2 potions of lignification {unknown}
 n - a potion of heal wounds {unknown}
 s - a potion of cancellation {unknown}

Dungeon Overview and Level Annotations

Branches:
Dungeon (4/15)
 Temple: D:4-7

Annotations:
D:4 1 runed translucent door, AlmostDecent's ghost, novice FoFi

...#######.####..#.......†...#
##...............#.####..†####
.....).....#####.#.#
##.######## #.########## #.#.#
#......... #.# ..#.#
########## #.# ###.# #[# #...#
#.# #.### #.# #@# #.. #z# #
#.# .####.#.#####
.......)....######
........#.#......#
######.)#...####.# ## #..# ###
#<######. #..# #........


You could see a wight.


Message History

No target in view!
No target in view!
No target in view!
No target in view!
No target in view!
No target in view!
No target in view!
No target in view!
No target in view!
No target in view!
No target in view!
No target in view!
No target in view!
No target in view!
No target in view!
No target in view!
No target in view!
A wight comes into view. It is wielding a +5 falchion.
A wight is nearby!
A wight is nearby!
You shoot an arrow. The arrow hits the wight.
You shoot an arrow. The arrow barely misses the wight.
You shoot an arrow. The arrow hits the wight!
You destroy the wight!
You have reached level 6!
Your experience leads to a dramatic increase in your attributes!
Increase (S)trength, (I)ntelligence, or (D)exterity?
You feel agile. x4 😎 HP[+7] MP[+1]
You now have 48 max hp (+7).
Your hp is fully restored (48).
Your mp is fully restored (8).
An orc and a wight come into view.
The orc shouts!
A wight comes into view. It is wielding a +0 spear.
Things that are here:
a +0 halberd {polearm}; a +0 robe Shoot: b) +1 shortbow (freeze) {bow}
Press: ? - help, Q - select action, (/) - cycle Shift-Dir - straight line, f - orc
Aim: an orc, wielding a +0 club and wearing a +0 chain mail (74% to hit)
You shoot an arrow. The arrow barely misses the orc.
The arrow hits the wight but does no damage.
Shoot: b) +1 shortbow (freeze) {bow}
Press: ? - help, Q - select action, (/) - cycle Shift-Dir - straight line, f/p - orc
Aim: an orc, wielding a +0 club and wearing a +0 chain mail (74% to hit)
You shoot an arrow.
The arrow hits the orc but does no damage.
The orc barely misses you.
Shoot: b) +1 shortbow (freeze) {bow}
Press: ? - help, Q - select action, (/) - cycle Shift-Dir - straight line, f/p - orc
Aim: an orc, wielding a +0 club and wearing a +0 chain mail (74% to hit)
You shoot an arrow. The arrow hits the orc.
The arrow freezes the orc.
The orc barely misses you.
Shoot: b) +1 shortbow (freeze) {bow}
Press: ? - help, Q - select action, (/) - cycle Shift-Dir - straight line, f/p - orc
Aim: an orc, wielding a +0 club and wearing a +0 chain mail (heavily wounded, 74% to hit)
You shoot an arrow. The arrow hits the orc.
The arrow freezes the orc.
The orc closely misses you. The orc barely misses you.
Shoot: b) +1 shortbow (freeze) {bow}
Press: ? - help, Q - select action, (/) - cycle Shift-Dir - straight line, f/p - orc
Aim: an orc, wielding a +0 club and wearing a +0 chain mail (severely wounded, 74% to hit)
You shoot an arrow. The arrow barely misses the orc.
The arrow hits the wight but does no damage.
The orc hits you but does no damage.
Shoot: b) +1 shortbow (freeze) {bow}
Press: ? - help, Q - select action, (/) - cycle Shift-Dir - straight line, f/p - orc
Aim: an orc, wielding a +0 club and wearing a +0 chain mail (severely wounded, 74% to hit)
You shoot an arrow. The arrow hits the orc!
The arrow freezes the orc.
You kill the orc!
Shoot: b) +1 shortbow (freeze) {bow}
Press: ? - help, Q - select action, (/) - cycle Shift-Dir - straight line, f - wight
Aim: a wight, wielding a +5 battleaxe and wearing a +0 robe (68% to hit)
You shoot an arrow. The arrow closely misses the wight.
The wight misses you.
Shoot: b) +1 shortbow (freeze) {bow}
Press: ? - help, Q - select action, (/) - cycle Shift-Dir - straight line, f/p - wight
Aim: a wight, wielding a +5 battleaxe and wearing a +0 robe (68% to hit)
You shoot an arrow. The arrow barely misses the wight.
The wight closely misses you.
Shoot: b) +1 shortbow (freeze) {bow}
Press: ? - help, Q - select action, (/) - cycle Shift-Dir - straight line, f/p - wight
Aim: a wight, wielding a +5 battleaxe and wearing a +0 robe (68% to hit)
You shoot an arrow. The arrow hits the wight.
The wight hits you with a +5 battleaxe! The wight barely misses you. 😮 HP[-16]
You take 16 damage, and now have 32/48 hp.
MASSIVE DAMAGE!! (PAUSE) Shoot: b) +1 shortbow (freeze) {bow}
Press: ? - help, Q - select action, (/) - cycle Shift-Dir - straight line, f/p - wight
Aim: a wight, wielding a +5 battleaxe and wearing a +0 robe (lightly damaged, 68% to hit)
You shoot an arrow. The arrow barely misses the wight.
The wight hits you with a +5 battleaxe!!
* * * LOW HITPOINT WARNING * * *
😱 HP[-21]
You take 21 damage, and now have 11/48 hp.
MASSIVE DAMAGE!! (PAUSE)
Okay, then.
As you read the scroll of teleportation {@r4}, it crumbles to dust.
You feel strangely unstable.
The wight hits you with a +5 battleaxe!!
You die...

Skill      XL: |  1  2  3  4 |
---------------+-------------+-----
Bows           | 4 5 6 |  6.9
Fighting       | |  1.7
Dodging        | |  1.7
Stealth        | |  0.8

Action                   |  1- 3 |  4- 6 || total
-------------------------+-------+-------++-------
Melee: Dagger            |    22 |     8 ||    30
 Fire: Shortbow          |   100 |    71 ||   171
  Use: Scroll            |       |     8 ||     8
Armor: Leather armour    |    16 |     5 ||    21
Dodge: Dodged            |    35 |    20 ||    55

Levels and vault maps discovered:
D:1:      onia_arrival_pyramid, layout_loops_ring, dreamdust_wishing_well
D:2:      minmay_razor_zed, layout_rooms
D:3:      layout_rooms
D:4:      layout_loops_ring, ebering_ghost_inner_flame

Notes
Turn   | Place    | Note
-------+----------+-------------------------------------------
     0 | D:1      | spaghetti the Demigod Hunter began the quest for the Orb.
     0 | D:1      | Reached XP level 1. HP: 17/17 MP: 3/3
     0 | D:1      | magus.rc [v1.9.6]
   176 | D:1      | Reached skill level 4 in Bows
   213 | D:1      | Reached XP level 2. HP: 24/24 MP: 4/4
   734 | D:2      | Reached XP level 3. HP: 29/29 MP: 5/5
  1314 | D:2      | Reached skill level 5 in Bows
  1709 | D:2      | Reached XP level 4. HP: 24/36 MP: 6/6
  2386 | D:4      | Noticed a necrophage
  2389 | D:4      | Killed a necrophage
  2390 | D:4      | Reached skill level 6 in Bows
  2390 | D:4      | Reached XP level 5. HP: 41/41 MP: 7/7
  2421 | D:4      | Noticed a water moccasin
  2422 | D:4      | Found a runed translucent door.
  2422 | D:4      | Noticed AlmostDecent's ghost (novice FoFi)
  2946 | D:4      | Reached XP level 6. HP: 48/48 MP: 8/8
  2961 | D:4      | HP: 11/48 [wight/+5 battleaxe (21)]
  2962 | D:4      | Mangled by a wight

Vanquished Creatures
  A necrophage (D:4)
  2 wights (D:4)
  A hound (D:2)
  3 adders (D:2)
  A white imp (D:4)
  4 dart slugs
  7 orcs
  4 endoplasms (D:2)
  3 giant cockroaches
  5 goblins
  4 hobgoblins
  3 jackals
  6 kobolds
  7 quokkas
  8 ball pythons
  4 bats
  9 frilled lizards
  5 rats
77 creatures vanquished.

Table legend:
 A = Non-vault XP
 B = Vault XP
 C = Vault XP percentage of total XP
 D = Non-vault monster count
 E = Vault monster count
 F = Vault count percentage of total count
                 A         B        C        D         E       F
            +---------+---------+-------+---------+---------+-------
      Total |     402 |      54 |  11.8 |      69 |       8 |  10.4
            +---------+---------+-------+---------+---------+-------
        D:1 |      34 |       0 |   0.0 |      19 |       0 |   0.0
        D:2 |      62 |      54 |  46.6 |      17 |       8 |  32.0
        D:3 |      37 |       0 |   0.0 |      18 |       0 |   0.0
        D:4 |     269 |       0 |   0.0 |      15 |       0 |   0.0
            +---------+---------+-------+---------+---------+-------

Illustrated notes

Table legend:
 A = Kills in this place as a percentage of kills in entire the game.
 B = Kills by you in this place as a percentage of kills by you in the entire game.
 C = Kills by friends in this place as a percentage of kills by friends in the entire game.
 D = Other kills in this place as a percentage of other kills in the entire game.
 E = Experience gained in this place as a percentage of experience gained in the entire game.
 F = Experience gained in this place divided by the number of levels of this place that you have seen.
                   A       B       C       D       E      F
               +-------+-------+-------+-------+-------+----------------------
         Total | 100.0 | 100.0 |   N/A |   N/A | 100.0 | 114.0
       Dungeon | 100.0 | 100.0 |   N/A |   N/A | 100.0 | 114.0
               +-------+-------+-------+-------+-------+----------------------

Table legend: (Time is in decaauts)
 A = Elapsed time spent in this place.
 B = Non-inter-level travel time spent in this place.
 C = Inter-level travel time spent in this place.
 D = Time resting spent in this place.
 E = Time spent auto-exploring this place.
 F = Levels seen in this place.
 G = Mean time per level.
                   A        B        C        D        E       F      G
               +--------+--------+--------+--------+--------+-----+--------+
         Total |   3001 |   2873 |    128 |    195 |   2282 |   4 |  750.2 |
       Dungeon |   3001 |   2873 |    128 |    195 |   2282 |   4 |  750.2 |
               +--------+--------+--------+--------+--------+-----+--------+

Top non-repeatable levels by time:
     D:2: 1195 daAuts
     D:1: 736 daAuts
     D:4: 586 daAuts
     D:3: 483 daAuts
